 Dungeon Crawl Stone Soup version 0.30-a0-377-g5cb311bc9f (webtiles) character file.

Game seed: 6094126844269096121

1187 LnG the Covert (level 8, -3/44 HPs)
             Began as a Kobold Summoner on Nov 29, 2022.
             Splashed by a jelly's acid (8 damage)
             ... on level 6 of the Dungeon.
             The game lasted 00:10:45 (6017 turns).

LnG the Covert (Kobold Summoner)                    Turns: 6017, Time: 00:10:46

Health: -3/44      AC: -11   Str:  5    XL:     8   Next: 70%
Magic:  10/13      EV: 18    Int: 18    God:
Gold:   282        SH:  5    Dex: 22    Spells: 1/14 levels left

rFire   . . .      SeeInvis .    i - +2 dagger (elec)
rCold   . . .      Faith    .    (no shield)
rNeg    . . .      Spirit   .    a - +0 robe
rPois   .          Reflect  +    w - +0 helmet
rElec   .          Harm     .    E - +0 cloak
rCorr   .          Rampage  .    (no gloves)
Will    .....                    b - +0 pair of boots
Stlth   ++++++....               n - amulet of reflection
HPRegen 0.27/turn                v - +6 ring of dexterity
MPRegen 0.13/turn                (no ring)

@: corroded
A: small, no large weapons, nightstalker 3
a: no special abilities


You were on level 6 of the Dungeon.
You visited 1 branch of the dungeon, and saw 6 of its levels.

You collected 474 gold pieces.
You spent 192 gold pieces at shops.

Inventory:

Hand Weapons
 d - a +0 dagger
 i - a +2 dagger of electrocution (weapon)
Missiles
 x - a throwing net
Armour
 a - a +0 robe (worn)
 b - a +0 pair of boots (worn)
 r - the +1 robe "Mietid" {*Corrode Will+ Str+4}
   (You bought it in a shop on level 1 of the Dungeon)

   Str:       It affects your strength (+4).
   *Corrode:  It may corrode you when you take damage.
   Will:      It increases your willpower.
 w - a +0 helmet (worn)
 E - a +0 cloak (worn)
Jewellery
 n - an amulet of reflection (around neck)
 v - a +6 ring of dexterity (left hand)
 D - a ring of see invisible
Wands
 p - a wand of paralysis (6)
 q - a wand of digging (4)
 s - a wand of flame (18)
 z - a wand of roots (7)
Scrolls
 c - 4 scrolls of vulnerability
 f - a scroll of blinking
 h - a scroll of amnesia
 m - a scroll of enchant weapon
 o - 3 scrolls of teleportation {unknown}
 t - a scroll of silence {unknown}
 u - 2 scrolls of immolation {unknown}
 y - a scroll of butterflies {unknown}
 A - a scroll of torment {unknown}
 B - a scroll of poison {unknown}
Potions
 e - a potion of haste {unknown}
 g - a potion of heal wounds {unknown}
 j - a potion of curing
 k - 2 potions of cancellation {unknown}
 C - a potion of brilliance {unknown}
 F - a potion of invisibility {unknown}


   Skills:
 + Level 1.6 Fighting
 + Level 4.6 Short Blades
 * Level 5.0 Dodging
 * Level 9.3 Stealth
 + Level 0.5 Shields
 + Level 3.6 Spellcasting
 + Level 0.1 Hexes
 + Level 5.5 Summonings


You had one spell level left.
You knew the following spells:

 Your Spells              Type           Power      Damage    Failure   Level
a - Summon Small Mammal   Summ           92%        N/A       1%          1
b - Call Imp              Summ           23%        N/A       2%          2
c - Call Canine Familiar  Summ           23%        N/A       4%          3
d - Summon Guardian Gole  Hex/Summ       13%        N/A       14%         3
e - Summon Lightning Spi  Summ/Air       13%        N/A       43%         4

Your spell library contained the following spells:

 Spells                   Type           Power      Damage    Failure   Level
 Freeze                   Ice            12%        1d3       16%         1
 Blink                    Tloc           6%         N/A       24%         2
 Cigotuvi's Dreadful Rot  Necr/Pois/Air  6%         N/A       24%         2
 Momentum Strike          Conj/Tloc      6%         3d8       24%         2
 Poisonous Vapours        Pois/Air       6%         N/A       24%         2
 Scorch                   Fire           6%         2d5       24%         2
 Sublimation of Blood     Necr           3%         N/A       24%         2
 Inner Flame              Hex/Fire       3%         N/A       41%         3
 Portal Projectile        Hex/Tloc       6%         N/A       41%         3
 Tukima's Dance           Hex            3%         N/A       41%         3
 Frozen Ramparts          Ice            6%         1d1       43%         3
 Hailstorm                Conj/Ice       3%         3d3       43%         3
 Lesser Beckoning         Tloc           6%         N/A       43%         3
 Mephitic Cloud           Conj/Pois/Air  3%         N/A       43%         3
 Cause Fear               Hex            1%         N/A       82%         4
 Flame Wave               Conj/Fire      3%         2d5       83%         4
 Petrify                  Tmut/Erth      3%         N/A       83%         4
 Summon Cactus Giant      Summ           11%        N/A       94%         6
 Blade Hands              Tmut           1%         N/A       99%         5
 Irradiate                Conj/Tmut      1%         3d12      99%         5
 Discord                  Hex            1%         N/A       100%        8


Dungeon Overview and Level Annotations

Branches:
Dungeon (6/15)
 Temple: D:4-7

Altars:
Ashenzari
Fedhas
Gozag
Okawaru
Ru
Trog
Wu Jian
Xom
Yredelemnul
Zin

Shops:
D:1 *   D:4 ?   D:5 =

Annotations:
D:4 1 transporter, greynaab's ghost, novice FoHu
D:5 2 transporters, baller8008's ghost, novice DjCj


Innate Abilities, Weirdness & Mutations

You are small and have problems with some larger weapons.
You are completely attuned to the shadows.


Message History

Found a chain mail.
There is an open door here.
Found 7 stones.
Found a stone staircase leading down.
There is an open door here.
Found a ring mail.
You now have 282 gold pieces (gained 12).
There is an open door here.
There is an open door here.
You open the door.
There is an open door here.
A jelly comes into view.
The jelly quivers.
You block the jelly's attack.
You hit the jelly.
Your hands burn!
You punch the jelly, but do no damage.
The jelly is moderately wounded.
You hit the jelly.
Your hands burn!
The jelly is heavily wounded.
The jelly hits you. The acid corrodes you!
You are splashed with acid!
You hit the jelly.
Your hands burn!
Your punch misses the jelly.
The jelly is severely wounded.
The jelly barely misses you.
You hit the jelly. The acid corrodes you!
Your hands burn!
The jelly is almost dead.
The jelly closely misses you.
You hit the jelly but do no damage. The acid corrodes you!
Your hands burn!
The jelly is almost dead.
You hit the jelly but do no damage.
Your hands burn!
The jelly is almost dead.
You block the jelly's attack.
You hit the jelly but do no damage.
Your hands burn!
The jelly is almost dead.
The jelly hits you. The acid corrodes you!
You are splashed with acid!
* * * LOW HITPOINT WARNING * * *
Casting: Call Canine Familiar (dangerous; 4% risk of failure)
Confirm with . or Enter, or press ? or * to list all spells.
The jelly hits you.
* * * LOW HITPOINT WARNING * * *
You are splashed with acid!
You die...

#.......#'###
#######.......#....
#.....#.......#....
#.....#.......#....
#.....'.......#....
#[....#.......#....
#.....#.......#####
##############'####..
..hJ@....'...........
.........#...........
.........#...........
.........#...........
.........#...........
#...........
#...........
############


You could see a jelly (ally target) and a friendly hound (summoned).

Vanquished Creatures
  Sigmund (D:3)
  A black bear (D:5)
  An ogre (D:5)
  A necrophage (D:5)
  2 jellies (D:5)
  Terence (D:3)
  2 orc wizards (D:6)
  3 gnolls
  4 adders
  A shadow imp (D:6)
  A white imp (D:5)
  2 worms (D:2)
  A dart slug (D:1)
  4 orcs
  5 ball pythons
  5 endoplasms
  A giant cockroach (D:2)
  6 goblins
  8 hobgoblins
  6 jackals
  6 kobolds
  3 quokkas
  2 bats
  4 frilled lizards
  5 rats
76 creatures vanquished.

Vanquished Creatures (collateral kills)
  Grinder (D:6)
  A phantom (D:5)
  A scorpion (D:4)
  An orc priest (D:6)
  A gnoll (D:5)
  A bat (D:1)
  3 endoplasms
  2 goblins
  A hobgoblin (D:1)
  3 frilled lizards
  A rat (D:2)
16 creatures vanquished.

Vanquished Creatures (others)
  Menkaure (D:6)
  7 plants (D:6)
8 creatures vanquished.

Grand Total: 100 creatures vanquished

Notes
Turn   | Place    | Note
-------+----------+-------------------------------------------
     0 | D:1      | LnG the Kobold Summoner began the quest for the Orb.
     0 | D:1      | Reached XP level 1. HP: 10/10 MP: 3/3
   162 | D:1      | Found Unoukhli's Assorted Antiques.
   173 | D:1      | Reached XP level 2. HP: 4/15 MP: 3/5
   273 | D:1      | Learned a level 2 spell: Call Imp
   897 | D:1      | Reached XP level 3. HP: 19/19 MP: 6/6
   901 | D:1      | Learned a level 3 spell: Call Canine Familiar
  1068 | D:2      | Reached skill level 3 in Stealth
  1251 | D:2      | Reached XP level 4. HP: 15/24 MP: 3/7
  1498 | D:2      | Reached skill level 1 in Short Blades
  1965 | D:3      | Reached skill level 4 in Stealth
  2009 | D:3      | Noticed Sigmund
  2025 | D:3      | Killed Sigmund
  2026 | D:3      | Reached skill level 5 in Stealth
  2026 | D:3      | Reached XP level 5. HP: 15/28 MP: 5/8
  2026 | D:3      | Reached XP level 6. HP: 17/33 MP: 5/9
  2350 | D:3      | Noticed Terence
  2749 | D:3      | Reached skill level 6 in Stealth
  2819 | D:3      | Found a sacrificial altar of Ru.
  2821 | D:3      | Found a bloodstained altar of Trog.
  2831 | D:3      | Found an iron altar of Okawaru.
  2838 | D:3      | Found a basalt altar of Yredelemnul.
  2850 | D:3      | Found a glowing silver altar of Zin.
  3140 | D:4      | Found a transporter.
  3147 | D:4      | Noticed greynaab's ghost (novice FoHu)
  3152 | D:4      | Identified the +10 great mace of the Hall of Blades
                  | {vorpal, rElec rN+ Dex+2}
  3152 | D:4      | Noticed an ogre
  3202 | D:4      | Found Hodokh's Magic Scroll Boutique.
  3207 | D:4      | Bought 2 scrolls of identify for 44 gold pieces
  3300 | D:1      | Bought an ominously black robe for 148 gold pieces
  3300 | D:1      | Identified the +1 robe "Mietid" {*Corrode Will+ Str+4} (You
                  | bought it in a shop on level 1 of the Dungeon)
  3323 | D:3      | Killed Terence
  3477 | D:4      | Found a broken altar of Ashenzari.
  3569 | D:4      | Found an ornate altar of the Wu Jian Council.
  4050 | D:5      | Entered Level 5 of the Dungeon
  4061 | D:5      | Reached XP level 7. HP: 37/37 MP: 11/11
  4219 | D:5      | Reached skill level 7 in Stealth
  4219 | D:5      | Reached skill level 5 in Summonings
  4223 | D:5      | Learned a level 3 spell: Summon Guardian Golem
  4322 | D:5      | Reached skill level 1 in Fighting
  4379 | D:5      | Reached skill level 8 in Stealth
  4442 | D:5      | Found Orchin's One-of-a-Kind Rings.
  4468 | D:5      | Reached XP level 8. HP: 43/43 MP: 12/12
  4559 | D:5      | Found a transporter.
  4561 | D:5      | Noticed baller8008's ghost (novice DjCj)
  4705 | D:5      | Found a transporter.
  4884 | D:6      | Noticed Grinder
  4892 | D:6      | Paralysed by Grinder for 4 turns
  4901 | D:6      | Killed Grinder
  4902 | D:6      | Reached skill level 9 in Stealth
  5006 | D:6      | Found a shimmering altar of Xom.
  5164 | D:6      | Found an opulent altar of Gozag.
  5500 | D:6      | Learned a level 4 spell: Summon Lightning Spire
  5543 | D:6      | Found a blossoming altar of Fedhas.
  5603 | D:6      | Noticed Menkaure
  5629 | D:6      | Killed Menkaure
  5630 | D:6      | Reached skill level 5 in Dodging
  6017 | D:6      | Splashed by a jelly's acid

Illustrated notes

Levels and vault maps discovered:
D:1:      lemuel_arrival_behind_the_door_large, layout_basic, serial_shops,
          nicolae_square_shop
D:2:      layout_loops_ring
D:3:      layout_basic, minmay_overflow_temple_star_hex, st_stairs_1,
          uniq_terence, uniq_sigmund
D:4:      layout_loops_cross, ashenzari_altar_1, nicolae_wu_jian_glorious_leap,
          serial_shops, shop, gammafunk_ghost_smash
D:5:      layout_cave_pools, gammafunk_ghost_arena, nicolae_shop_unique_rings,
          minmay_misc_feat_doors, small_statue_alley_b
D:6:      layout_gridville, kennysheep_little_box, mainiacjoe_overflow_catwalk,
          mainiacjoe_overflow_alcove_4, minmay_lizard_king, uniq_grinder,
          uniq_menkaure

Skill      XL: |  1  2  3  4  5  6  7  8 |
---------------+-------------------------+-----
Stealth        | 3 5 6 8 9 |  9.3
Short Blades   | 2 3 4 |  4.6
Dodging        | 3 4 5 |  5.0
Summonings     | 5 |  5.5
Fighting       | 1 |  1.6
Spellcasting   | 3 |  3.6
Shields        | |  0.5
Hexes          | |  0.1

Action                   |  1- 3 |  4- 6 |  7- 9 || total
-------------------------+-------+-------+-------++-------
Melee: Unarmed           |     6 |       |       ||     6
       Dagger            |    55 |    81 |    75 ||   211
       Punch             |       |       |     2 ||     2
 Cast: Summon Small Mamm |     7 |       |       ||     7
       Call Imp          |     1 |     1 |     5 ||     7
       Call Canine Famil |     1 |     6 |     9 ||    16
       Summon Guardian G |       |       |     2 ||     2
  Use: Potion            |       |     1 |     2 ||     3
       Scroll            |       |       |     6 ||     6
 Stab: Sleeping          |    10 |    18 |     4 ||    32
       Distracted        |       |     3 |     1 ||     4
Armor: Robe              |     7 |     4 |     4 ||    15
Dodge: Dodged            |    33 |    34 |    34 ||   101
Block: Other             |       |    11 |    10 ||    21
       Reflection        |       |       |     1 ||     1

Table legend: (Time is in decaauts)
 A = Elapsed time spent in this place.
 B = Non-inter-level travel time spent in this place.
 C = Inter-level travel time spent in this place.
 D = Time resting spent in this place.
 E = Time spent auto-exploring this place.
 F = Levels seen in this place.
 G = Mean time per level.
                   A        B        C        D        E       F      G
               +--------+--------+--------+--------+--------+-----+--------+
         Total |   5994 |   5745 |    249 |    313 |   4579 |   6 |  999.0 |
       Dungeon |   5994 |   5745 |    249 |    313 |   4579 |   6 |  999.0 |
               +--------+--------+--------+--------+--------+-----+--------+

Top non-repeatable levels by time:
     D:3: 1152 daAuts
     D:6: 1133 daAuts
     D:1: 1066 daAuts
     D:4: 1057 daAuts
     D:2: 897 daAuts
     D:5: 688 daAuts
